| TOP OF THE 1ST |
|
Midland RockHounds batting - Pitching for Erie SeaWolves : RHP Adam Huemmer
|
|
Pitching: RHP Adam Huemmer
|
|
|
Batting: RHB Tony Crespo
|
0-0: Ball 1-0: Called Strike 1-1: Foul Ball, location: 2F 1-2: Ground out U3 (Groundball, 3, EV 83.8 MPH)
|
|
Batting: LHB Tom Raupp
|
0-0: Ball 1-0: Foul Ball, location: 2F 1-1: Ball 2-1: Called Strike 2-2: Strikes out swinging, 2-3 out at first.
|
|
Batting: RHB Jonathan Gallup
|
0-0: Called Strike 0-1: Swinging Strike 0-2: Foul Ball, location: 2F 0-2: Strikes out looking
|
| Top of the 1st over - 0 runs, 0 hits, 0 errors, 0 left on base; Midland 0 - Erie 0 |
| BOTTOM OF THE 1ST |
|
Erie SeaWolves batting - Pitching for Midland RockHounds : LHP Katsumi Takaki
|
|
Pitching: LHP Katsumi Takaki
|
|
|
Batting: RHB Eric Angelle
|
0-0: Called Strike 0-1: Called Strike 0-2: Ball 1-2: Strikes out looking
|
|
Batting: RHB Tony Soto
|
0-0: Called Strike 0-1: Foul Ball, location: 2F 0-2: Ball 1-2: SINGLE (Groundball, 56D, EV 97.5 MPH)
|
|
Batting: RHB John Evancho
|
0-0: Foul Ball, location: 2F 0-1: SINGLE (Groundball, 56S, EV 68.8 MPH) (infield hit) Tony Soto to second
|
|
Batting: RHB Adam MacConnell
|
0-0: Ball 1-0: Called Strike 1-1: Ball 2-1: Swinging Strike 2-2: Strikes out swinging
|
|
Batting: RHB Carlos Armenteros
|
0-0: Ball 1-0: Foul Ball, location: 2F 1-1: SINGLE (Groundball, 56D, EV 100.6 MPH) Tony Soto to third John Evancho to second Runner from 3rd tries for Home, SAFE, throw by LF to home
|
|
Batting: RHB Tanner Purchase
|
0-0: Called Strike 0-1: Ball 1-1: Fielders Choice at 2nd, 6-4 (Groundball, 6D, EV 101.2 MPH)
|
| Bottom of the 1st over - 1 run, 3 hits, 0 errors, 2 left on base; Midland 0 - Erie 1 |
| TOP OF THE 2ND |
|
Midland RockHounds batting - Pitching for Erie SeaWolves : RHP Adam Huemmer
|
|
Batting: RHB Travis Robinson
|
0-0: Called Strike 0-1: Swinging Strike 0-2: Strikes out swinging
|
|
Batting: RHB Matt Sherard
|
0-0: Foul Ball, location: 2F 0-1: Ground out 6-3 (Groundball, 6, EV 103.8 MPH)
|
|
Batting: RHB Micah Roth
|
0-0: Fly out, F8 (Flyball, 78M, EV 90.0 MPH)
|
| Top of the 2nd over - 0 runs, 0 hits, 0 errors, 0 left on base; Midland 0 - Erie 1 |
| BOTTOM OF THE 2ND |
|
Erie SeaWolves batting - Pitching for Midland RockHounds : LHP Katsumi Takaki
|
|
Batting: RHB Jose Evangelista
|
0-0: Ball 1-0: Ball 2-0: Ball 3-0: Called Strike 3-1: Foul Ball, location: 2F 3-2: Ground out 5-3 (Groundball, 56S, EV 73.8 MPH)
|
|
Batting: LHB Nick Nino
|
0-0: Called Strike 0-1: Swinging Strike 0-2: Ball 1-2: Strikes out swinging
|
|
Batting: RHB Mike Sebastian
|
0-0: Ground out 6-3 (Groundball, 6S, EV 81.9 MPH)
|
| Bottom of the 2nd over - 0 runs, 0 hits, 0 errors, 0 left on base; Midland 0 - Erie 1 |
| TOP OF THE 3RD |
|
Midland RockHounds batting - Pitching for Erie SeaWolves : RHP Adam Huemmer
|
|
Batting: RHB Roger Simmons
|
0-0: Ball 1-0: Ball 2-0: Ball 3-0: Base on Balls
|
|
Batting: RHB Gojko Golob
|
0-0: Grounds into double play, 6-4-3 (Groundball, 56D, EV 90.0 MPH)
|
|
Batting: LHB Jose Mojica
|
0-0: Ground out 4-3 (Groundball, 4, EV 78.8 MPH)
|
| Top of the 3rd over - 0 runs, 0 hits, 0 errors, 0 left on base; Midland 0 - Erie 1 |
| BOTTOM OF THE 3RD |
|
Erie SeaWolves batting - Pitching for Midland RockHounds : LHP Katsumi Takaki
|
|
Batting: RHB Eric Angelle
|
0-0: Called Strike 0-1: Ball 1-1: Called Strike 1-2: Strikes out swinging, 2-3 out at first.
|
|
Batting: RHB Tony Soto
|
0-0: Ball 1-0: Swinging Strike 1-1: Fly out, F8 (Flyball, 78XD, EV 95.6 MPH)
|
|
Batting: RHB John Evancho
|
0-0: Called Strike 0-1: Called Strike 0-2: Ball 1-2: Foul Ball, location: 2F 1-2: Ball 2-2: Strikes out swinging
|
| Bottom of the 3rd over - 0 runs, 0 hits, 0 errors, 0 left on base; Midland 0 - Erie 1 |
| TOP OF THE 4TH |
|
Midland RockHounds batting - Pitching for Erie SeaWolves : RHP Adam Huemmer
|
|
Batting: RHB Tony Crespo
|
0-0: Ball 1-0: SINGLE (Groundball, 6MD, EV 95.0 MPH)
|
|
Batting: LHB Tom Raupp
|
0-0: Swinging Strike 0-1: Ball 1-1: Foul Ball, location: 2F 1-2: Ball 2-2: Foul Ball, location: 2F 2-2: Strikes out swinging
|
|
Batting: RHB Jonathan Gallup
|
0-0: Ball 1-0: Swinging Strike 1-1: 2-RUN HOME RUN (Flyball, 8LXD, EV 115.0 MPH), Distance : 461 ft
|
|
Batting: RHB Travis Robinson
|
0-0: Ball 1-0: Ball 2-0: Ball 3-0: Called Strike 3-1: Foul Ball, location: 2F 3-2: Strikes out swinging
|
|
Batting: RHB Matt Sherard
|
0-0: Ball 1-0: Ball 2-0: Foul Ball, location: 2F 2-1: Foul Ball, location: 2F 2-2: Foul Ball, location: 2F 2-2: Ground out 5-3 (Groundball, 56S, EV 65.6 MPH)
|
| Top of the 4th over - 2 runs, 2 hits, 0 errors, 0 left on base; Midland 2 - Erie 1 |
| BOTTOM OF THE 4TH |
|
Erie SeaWolves batting - Pitching for Midland RockHounds : LHP Katsumi Takaki
|
|
Batting: RHB Adam MacConnell
|
0-0: Ball 1-0: Fly out, F3 (Popup, 3SF, EV 85.0 MPH)
|
|
Batting: RHB Carlos Armenteros
|
0-0: Called Strike 0-1: Foul Ball, location: 2F 0-2: Strikes out looking
|
|
Batting: RHB Tanner Purchase
|
0-0: Ball 1-0: Foul Ball, location: 2F 1-1: Fly out, F8 (Flyball, 8RD, EV 96.9 MPH)
|
| Bottom of the 4th over - 0 runs, 0 hits, 0 errors, 0 left on base; Midland 2 - Erie 1 |
| TOP OF THE 5TH |
|
Midland RockHounds batting - Pitching for Erie SeaWolves : RHP Adam Huemmer
|
|
Batting: RHB Micah Roth
|
0-0: Ball 1-0: Ground out 6-3 (Groundball, 6, EV 90.0 MPH)
|
|
Batting: RHB Roger Simmons
|
0-0: Ball 1-0: Foul Ball, location: 2F 1-1: Swinging Strike 1-2: Foul Ball, location: 2F 1-2: Ball 2-2: Ball 3-2: Foul Ball, location: 2F 3-2: Strikes out swinging
|
|
Batting: RHB Gojko Golob
|
0-0: Called Strike 0-1: Called Strike 0-2: Ball 1-2: Reached on error, E3 (Groundball, 34S, EV 95.6 MPH)
|
|
Batting: LHB Jose Mojica
|
0-0: Ball 1-0: Called Strike 1-1: Ball 2-1: Ground out 6-3 (Groundball, 4M, EV 89.4 MPH)
|
| Top of the 5th over - 0 runs, 0 hits, 1 error, 1 left on base; Midland 2 - Erie 1 |
| BOTTOM OF THE 5TH |
|
Erie SeaWolves batting - Pitching for Midland RockHounds : LHP Katsumi Takaki
|
|
Batting: RHB Jose Evangelista
|
0-0: Ball 1-0: Ball 2-0: Ball 3-0: Foul Ball, location: 2F 3-1: Base on Balls
|
|
Batting: LHB Nick Nino
|
0-0: Ball 1-0: SINGLE (Line Drive, 4MD, EV 99.4 MPH) Jose Evangelista to second
|
|
Batting: RHB Mike Sebastian
|
0-0: Foul Ball, location: 2F 0-1: DOUBLE (Line Drive, 7LS, EV 91.9 MPH) Jose Evangelista scores Nick Nino to third Runner from 3rd tries for Home, SAFE, throw by LF to trailing runner, OUT at third! 7-3-5
|
|
Batting: RHB Eric Angelle
|
0-0: Ball 1-0: Foul Ball, location: 2F 1-1: Foul Ball, location: 2F 1-2: Foul Ball, location: 2F 1-2: Strikes out swinging
|
|
Batting: RHB Tony Soto
|
0-0: Ball 1-0: Ball 2-0: Ball 3-0: Called Strike 3-1: Fly out, F8 (Flyball, 8LD, EV 89.4 MPH)
|
| Bottom of the 5th over - 2 runs, 2 hits, 0 errors, 0 left on base; Midland 2 - Erie 3 |
| TOP OF THE 6TH |
|
Midland RockHounds batting - Pitching for Erie SeaWolves : RHP Adam Huemmer
|
|
Batting: RHB Tony Crespo
|
0-0: Ball 1-0: Ground out U3 (Groundball, 34, EV 103.1 MPH)
|
|
Batting: LHB Tom Raupp
|
0-0: Called Strike 0-1: Swinging Strike 0-2: Reached on error, E5 (Groundball, 6, EV 80.6 MPH)
|
|
Batting: RHB Jonathan Gallup
|
0-0: Called Strike 0-1: Foul Ball, location: 2F 0-2: Ball 1-2: Strikes out looking
|
|
Batting: RHB Travis Robinson
|
0-0: Ball 1-0: Ball 2-0: Ball 3-0: Called Strike 3-1: Base on Balls Tom Raupp to second
|
|
Batting: RHB Matt Sherard
|
0-0: Ball 1-0: Foul Ball, location: 2F 1-1: Foul Ball, location: 2F 1-2: Strikes out swinging
|
| Top of the 6th over - 0 runs, 0 hits, 1 error, 2 left on base; Midland 2 - Erie 3 |
| BOTTOM OF THE 6TH |
|
Erie SeaWolves batting - Pitching for Midland RockHounds : LHP Katsumi Takaki
|
|
Batting: RHB John Evancho
|
0-0: Called Strike 0-1: Fly out, F8 (Flyball, 8RM, EV 78.8 MPH)
|
|
Batting: RHB Adam MacConnell
|
0-0: Ball 1-0: Ball 2-0: Swinging Strike 2-1: Fly out, F6 (Popup, 56, EV 51.9 MPH)
|
|
Batting: RHB Carlos Armenteros
|
0-0: Called Strike 0-1: Foul Ball, location: 2F 0-2: Ball 1-2: Strikes out swinging
|
| Bottom of the 6th over - 0 runs, 0 hits, 0 errors, 0 left on base; Midland 2 - Erie 3 |
| TOP OF THE 7TH |
|
Midland RockHounds batting - Pitching for Erie SeaWolves : RHP Adam Huemmer
|
|
Batting: RHB Micah Roth
|
0-0: Foul Ball, location: 2F 0-1: SINGLE (Line Drive, 8LS, EV 111.9 MPH)
|
|
Batting: RHB Roger Simmons
|
0-0: Called Strike 0-1: Ball 1-1: Called Strike 1-2: Grounds into double play, 6-4-3 (Groundball, 6, EV 80.0 MPH)
|
|
Batting: RHB Gojko Golob
|
0-0: Ball 1-0: Ball 2-0: Ball 3-0: Called Strike 3-1: SINGLE (Line Drive, 56, EV 98.8 MPH)
|
|
Pitching: RHP Eddie Hodgson
|
|
|
Batting: LHB Jose Mojica
|
0-0: Ball 1-0: Ball 2-0: Ball 3-0: Base on Balls Gojko Golob to second
|
|
Pinch Hitting: LHB Nick Pacheco
|
0-0: Called Strike 0-1: Foul Ball, location: 2F 0-2: Strikes out swinging
|
| Top of the 7th over - 0 runs, 2 hits, 0 errors, 2 left on base; Midland 2 - Erie 3 |
| BOTTOM OF THE 7TH |
|
Erie SeaWolves batting - Pitching for Midland RockHounds : LHP Katsumi Takaki
|
|
Now in LF: Alan Bianchard
|
|
|
Now in RF: Micah Roth
|
|
|
Batting: RHB Tanner Purchase
|
0-0: Called Strike 0-1: Called Strike 0-2: Ball 1-2: Ball 2-2: Ball 3-2: Base on Balls
|
|
Batting: RHB Jose Evangelista
|
0-0: Ball 1-0: Ball 2-0: Called Strike 2-1: Foul Ball, location: 2F 2-2: Foul Ball, location: 2F 2-2: Strikes out looking
|
|
Batting: LHB Nick Nino
|
0-0: Called Strike Tanner Purchase steals 2nd base 0-1: Fly out, F8 (Flyball, 8RD, EV 89.4 MPH)
|
|
Batting: RHB Mike Sebastian
|
0-0: Swinging Strike 0-1: Foul Ball, location: 2F 0-2: Ball 1-2: Ball 2-2: Ground out 6-3 (Groundball, 6M, EV 85.0 MPH)
|
| Bottom of the 7th over - 0 runs, 0 hits, 0 errors, 1 left on base; Midland 2 - Erie 3 |
| TOP OF THE 8TH |
|
Midland RockHounds batting - Pitching for Erie SeaWolves : RHP Eddie Hodgson
|
|
Batting: LHB Tom Raupp
|
0-0: Ball 1-0: Ball 2-0: Swinging Strike 2-1: Ground out 4-3 (Groundball, 4, EV 107.5 MPH)
|
|
Batting: RHB Jonathan Gallup
|
0-0: Called Strike 0-1: Ball 1-1: Ball 2-1: Ground out 6-3 (Groundball, 56, EV 85.0 MPH)
|
|
Batting: RHB Travis Robinson
|
0-0: Ball 1-0: Ball 2-0: Called Strike 2-1: Ball 3-1: SINGLE (Groundball, 6D, EV 101.9 MPH)
|
|
Batting: RHB Matt Sherard
|
0-0: Ball 1-0: Fly out, F1 (Line Drive, P, EV 67.5 MPH)
|
| Top of the 8th over - 0 runs, 1 hit, 0 errors, 1 left on base; Midland 2 - Erie 3 |
| BOTTOM OF THE 8TH |
|
Erie SeaWolves batting - Pitching for Midland RockHounds : LHP Katsumi Takaki
|
|
Batting: RHB Eric Angelle
|
0-0: Ball 1-0: Called Strike 1-1: Called Strike 1-2: Foul Ball, location: 2F 1-2: Foul Ball, location: 2F 1-2: Ball 2-2: Foul Ball, location: 2F 2-2: Strikes out looking
|
|
Pitching: RHP Caleb Hansberger
|
|
|
Batting: RHB Tony Soto
|
0-0: Ball 1-0: SINGLE (Line Drive, 6D, EV 98.8 MPH)
|
|
Batting: RHB John Evancho
|
0-0: Called Strike 0-1: Foul Ball, location: 2F 0-2: Ball 1-2: Foul Ball, location: 2F 1-2: Strikes out swinging
|
|
Batting: RHB Adam MacConnell
|
0-0: Called Strike 0-1: Called Strike 0-2: Ball 1-2: Ball 2-2: Ball 3-2: Base on Balls Tony Soto to second
|
|
Batting: RHB Carlos Armenteros
|
0-0: Foul Ball, location: 2F 0-1: Ball 1-1: Ball 2-1: SINGLE (Groundball, 56D, EV 101.2 MPH) Tony Soto to third Adam MacConnell to second Runner from 3rd tries for Home, SAFE, throw by LF to home
|
|
Batting: RHB Tanner Purchase
|
0-0: Ball 1-0: Foul Ball, location: 2F 1-1: Ball 2-1: Foul Ball, location: 2F 2-2: Ball 3-2: Foul Ball, location: 2F 3-2: Ground out 4-3 (Groundball, 4, EV 104.4 MPH)
|
| Bottom of the 8th over - 1 run, 2 hits, 0 errors, 2 left on base; Midland 2 - Erie 4 |
| TOP OF THE 9TH |
|
Midland RockHounds batting - Pitching for Erie SeaWolves : RHP Eddie Hodgson
|
|
Pitching: RHP Cameron Maxwell
|
|
|
Batting: RHB Micah Roth
|
0-0: Ball 1-0: Swinging Strike 1-1: Swinging Strike 1-2: Ball 2-2: SOLO HOME RUN (Flyball, 8RXD, EV 118.1 MPH), Distance : 467 ft
|
|
Batting: RHB Roger Simmons
|
0-0: Ball 1-0: Called Strike 1-1: Ball 2-1: Swinging Strike 2-2: Strikes out looking
|
|
Batting: RHB Gojko Golob
|
0-0: Ball 1-0: Ball 2-0: SINGLE (Line Drive, 9LM, EV 104.4 MPH)
|
|
Batting: LHB Jose Mojica
|
0-0: Ball 1-0: Called Strike 1-1: Ball 2-1: Swinging Strike 2-2: SINGLE (Groundball, 4MD, EV 105.6 MPH) (infield hit) Gojko Golob to second
|
|
Batting: LHB Alan Bianchard
|
0-0: SINGLE (Groundball, 6D, EV 98.1 MPH) Gojko Golob to third Jose Mojica to second Runner from 3rd tries for Home, SAFE, throw by CF to home
|
|
Batting: LHB Tom Raupp
|
0-0: Called Strike 0-1: Foul Ball, location: 2F 0-2: Ball 1-2: Strikes out looking
|
|
Batting: RHB Jonathan Gallup
|
0-0: Called Strike 0-1: Called Strike 0-2: Ball 1-2: Ball 2-2: Ball 3-2: SINGLE (Groundball, 4S, EV 64.4 MPH) (infield hit) Jose Mojica to third Alan Bianchard to second
|
|
Batting: RHB Travis Robinson
|
0-0: Called Strike 0-1: Swinging Strike 0-2: Ball 1-2: Fielders Choice at 2nd, 5-4 (Groundball, 56, EV 84.4 MPH)
|
| Top of the 9th over - 2 runs, 5 hits, 0 errors, 3 left on base; Midland 4 - Erie 4 |
| BOTTOM OF THE 9TH |
|
Erie SeaWolves batting - Pitching for Midland RockHounds : RHP Caleb Hansberger
|
|
Pitching: RHP John Shutt
|
|
|
Batting: RHB Jose Evangelista
|
0-0: Swinging Strike 0-1: Ball 1-1: Swinging Strike 1-2: Foul Ball, location: 2F 1-2: DOUBLE (Groundball, 5L, EV 100.0 MPH)
|
|
Batting: LHB Nick Nino
|
0-0: Intentional Walk
|
|
Pinch Hitting: SHB Sean Foley
|
0-0: Ball 1-0: Fly out, F8 (Flyball, 8LD, EV 81.9 MPH)
|
|
Batting: RHB Eric Angelle
|
0-0: Called Strike Balk! Jose Evangelista to third Nick Nino to second 0-1: Ball 1-1: Called Strike 1-2: SINGLE (Groundball, 4, EV 101.9 MPH) Jose Evangelista scores
|
| Bottom of the 9th over - 1 run, 2 hits, 0 errors, 2 left on base; Midland 4 - Erie 5 |
|